 Dungeon Crawl Stone Soup version 0.19-a0-975-gfff5315 (webtiles) character file.

88 mopl the Cudgeler (level 4, -1/48 HPs)
             Began as an Ogre Gladiator on July 13, 2016.
             Succumbed to an adder's poison
             ... on level 1 of the Dungeon.
             The game lasted 00:02:06 (1182 turns).

mopl the Cudgeler (Ogre Gladiator)                  Turns: 1182, Time: 00:02:07

Health: -1/48      AC:  5    Str: 20    XL:     4   Next: 54%
Magic:  4/4        EV: 10    Int:  7    God:
Gold:   80         SH:  0    Dex: 11    Spells: 0 memorised, 3 levels left

rFire  . . .     SeeInvis .     a - +0 flail
rCold  . . .     Gourm    .     b - +0 robe
rNeg   . . .     Faith    +     (no shield)
rPois  .         Spirit   .     c - +0 hat
rElec  .         Dismiss  .     (no cloak)
rCorr  .         Reflect  .     (gloves unavailable)
SustAt .         Harm     .     (boots unavailable)
MR     .....                    n - amulet of faith {!P}
Stlth  +.........               (no ring)
                                (no ring)

@: lethally poisoned (-1 -> -16), flying, not resistant to hostile enchantments,
very unstealthy
A: unfitting armour, slimy green scales 1, blurry vision 1, tough skin 1
a: no special abilities


You were on level 1 of the Dungeon.
You were not hungry.

You visited 1 branch of the dungeon, and saw 2 of its levels.

You collected 80 gold pieces.

Inventory:

Hand Weapons
 a - a +0 flail (weapon)
Missiles
 e - 4 large rocks (quivered)
 p - 16 poisoned needles
Armour
 b - a +0 robe (worn)
 c - a +0 hat (worn)
Jewellery
 n - an amulet of faith (around neck) {!P}
Scrolls
 g - 2 scrolls of identify {unknown}
 i - a scroll of teleportation {unknown}
 k - a scroll of random uselessness {unknown}
Potions
 h - a potion of flight
 m - a potion of cure mutation {!q}
Comestibles
 f - a bread ration
 o - 5 chunks of flesh


   Skills:
 + Level 4.0 Fighting
 * Level 6.1 Maces & Flails
 - Level 2.0 Throwing
 - Level 2.6 Dodging


You had 3 spell levels left.
You didn't know any spells.

Dungeon Overview and Level Annotations

Branches:
Dungeon (2/15)

Altars:
Qazlal


Innate Abilities, Weirdness & Mutations

You are too large for most types of armour.
You have tough skin. (AC +1)
You are partially covered in slimy green scales. (AC +2)
Scrolls take you a little longer to read.


Message History

Throwing (i - inventory):
e - 5 large rocks (quivered)
Press: ? - help, Shift-Dir - straight line, f/p - adder
Aim: an adder (lightly wounded)
You throw a large rock.
The large rock closely misses the adder.
* * * LOW HITPOINT WARNING * * *
You feel sick. The adder bites you but does no damage. The adder bites you.
* * * LOW HITPOINT WARNING * * *
Unknown command.
You barely miss the adder.
The adder is lightly wounded.
* * * LOW HITPOINT WARNING * * *
You feel sick. The adder bites you.
* * * LOW HITPOINT WARNING * * *
You are more poisoned.
The adder poisons you! The adder misses you.
It was a potion of mutation.
You feel extremely strange.
Slimy green scales grow over part of your body.
Your vision blurs.
You die...

######## #....†.##########
##.####...........
####...#######.######
#...@.#.# #.# ##.##.S.##
#.# #........# #.#
#..###.#(# #.#### #..#
#.#.# #....# #
###..###.#.# ####.###
###....##.#..# #.##.
#...#..#.###.#########.##.
#.#.......###........#.##.


You could see an adder.

Vanquished Creatures
  2 gnolls
  4 adders (D:2)
  A worm (D:2)
  A dart slug (D:1)
  3 bats
  A giant cockroach (D:2)
  5 goblins
  2 hobgoblins
  A quokka (D:2)
  3 giant newts
  5 kobolds
  6 rats
34 creatures vanquished.

Notes
Turn   | Place    | Note
-------+----------+-------------------------------------------
     0 | D:1      | mopl the Ogre Gladiator began the quest for the Orb.
     0 | D:1      | Reached XP level 1. HP: 22/22 MP: 1/1
   123 | D:1      | Reached skill level 3 in Fighting
   143 | D:1      | Reached XP level 2. HP: 31/31 MP: 2/2
   646 | D:2      | Found a stormy altar of Qazlal.
   652 | D:2      | Reached skill level 5 in Maces & Flails
   652 | D:2      | Reached XP level 3. HP: 36/37 MP: 3/3
   783 | D:2      | Reached XP level 4. HP: 22/48 MP: 4/4
  1018 | D:2      | Reached skill level 6 in Maces & Flails
  1063 | D:1      | Reached skill level 4 in Fighting
  1181 | D:1      | HP: 2/48 [poisoned by an adder]
  1182 | D:1      | Gained mutation: You are partially covered in slimy green scales. (AC +2) [potion of mutation]
  1182 | D:1      | Gained mutation: Scrolls take you a little longer to read. [potion of mutation]
  1182 | D:1      | Succumbed to an adder's poison

Vault maps used:
D:1:      dpeg_arrival_pits, serial_glass, glass_columns_a, glass_columns_b
D:2:      nicolae_overflow_crystal_walls

Skill      XL: |  1  2  3  4 |
---------------+-------------+-----
Fighting       | 3 4 |  4.0
Maces & Flails | 5 6 |  6.1
Throwing       | |  2.0
Dodging        | |  2.6

Action                   |  1- 3 |  4- 6 || total
-------------------------+-------+-------++-------
Melee: Flail             |    71 |    32 ||   103
Throw: Throwing net      |       |     3 ||     3
       Large rock        |       |     2 ||     2
  Use: Potion            |       |     4 ||     4
  Eat: Chunk             |       |     1 ||     1
Armor: Robe              |    16 |     6 ||    22
Dodge: Dodged            |    49 |    24 ||    73
